Map: Ruins of Seras

Players

MrLando - Winner!

  • Race: Terran Terran
  • League: Master

Fullmetal

  • Race: Terran Terran
  • League: Grandmaster

VOD

Have the link to the VOD?

Description

Time

  • Played on: Nov. 18, 2015, 2:07 a.m.
  • Length: 14:00
Show
View Real Time Build Order
Export as new Build Order

MrLando Terran - Winner!

Build Orders: Reaper Expand, Bio Tank, Banshee Rush 

Get SALT Encoding   

  12  0:02  SCV  
  13  0:14  SCV  
  13  0:18  Supply Depot  
  14  0:26  SCV  
  15  0:39  SCV  
  16  0:43  Barracks  
  16  0:46  Refinery  
  16  0:51  SCV  
  17  1:04  SCV  
  18  1:16  SCV  
  19  1:31  Orbital Command  
  19  1:32  Reaper  
  20  1:46  Command Center  
  20  1:57  SCV  
  21  2:01  Supply Depot  
  21  2:04  Marine  
  22  2:10  SCV  
  22  2:15  Factory  
  23  2:23  SCV  
  23  2:25  Barracks Reactor  
  24  2:35  SCV  
  25  2:40  Refinery  
  25  2:51  SCV  
  26  3:02  Marine x2  
  26  3:04  Starport  
  28  3:08  Orbital Command  
  28  3:09  SCV  
  28  3:12  Factory Tech Lab  
  29  3:20  Marine x2  
  29  3:25  SCV  
  32  3:34  SCV  
  32  3:37  SCV  
  32  3:38  Supply Depot  
  32  3:39  Marine x2  
  36  3:43  Factory Tech Lab  
  36  3:46  SCV  
  37  3:49  SCV  
  37  3:51  Cloaking Field  
  37  3:52  Banshee  
  41  3:57  Marine  
  41  3:58  SCV, Marine  
  44  4:03  Supply Depot  
  44  4:06  SCV  
  45  4:14  Siege Tank  
  45  4:15  SCV  
  48  4:18  Engineering Bay  
  48  4:23  Marine x2  
  49  4:26  SCV  
  49  4:31  SCV  
  51  4:38  Viking  
  53  4:39  SCV  
  53  4:41  Marine  
  53  4:43  SCV, Barracks  
  56  4:45  Barracks  
  56  4:49  Refinery  
  56  4:54  SCV, Missile Turret, Supply Depot  
  56  5:00  SCV  
  56  5:03  Marine  
  56  5:04  Marine  
  56  5:06  SCV  
  60  5:10  Missile Turret  
  60  5:12  SCV  
  60  5:18  SCV  
  61  5:23  Banshee  
  61  5:24  Siege Tank  
  61  5:25  Marine x2  
  61  5:27  SCV  
  70  5:36  Barracks Tech Lab  
  70  5:37  Barracks Tech Lab  
  70  5:41  Supply Depot, SCV  
  69  5:55  Supply Depot x2  
  69  5:56  Stimpack  
  67  6:02  Siege Tank, Marine  
  70  6:14  Terran Infantry Weapons Level 1  
  70  6:15  Supply Depot  
  70  6:16  SCV x2, Marine x3  
  75  6:20  Supply Depot  
  75  6:22  Marine  
  76  6:25  Barracks  
  76  6:27  Barracks  
  76  6:29  SCV x2  
  76  6:31  Combat Shields  
  78  6:41  SCV  
  78  6:43  Marine x2  
  78  6:44  Marauder x2  
  78  6:45  SCV  
  86  6:53  Supply Depot  
  86  6:57  Supply Depot  
  86  7:02  Siege Tank  
  86  7:03  Command Center  
  86  7:07  Marine x2  
  91  7:10  SCV  
  91  7:11  SCV  
  91  7:15  Starport Reactor  
  70  7:31  SCV  
  70  7:32  SCV  
  70  7:34  Barracks Tech Lab  
  70  7:35  Barracks Reactor  
  70  7:36  Marine x2  
  74  7:37  Marauder x2  
  74  7:43  SCV  
  75  7:44  SCV  
  75  7:45  Refinery  
  76  7:55  SCV  
  76  7:58  Marine x2  
  75  7:59  Marauder  
  75  8:00  Medivac x2  
  75  8:02  Marauder x2  
  86  8:10  Terran Infantry Armor Level 1, SCV  
  86  8:12  SCV  
  88  8:14  Supply Depot, Siege Tank  
  88  8:15  Supply Depot, Marine x2  
  88  8:17  Barracks  
  88  8:18  Barracks  
  93  8:26  Marine x3  
  98  8:27  Marauder  
  98  8:28  Marauder  
  98  8:31  Concussive Shells  
  99  8:37  Armory, Orbital Command  
  99  8:42  Marine x2  
  99  8:44  Marine  
  99  8:48  SCV  
  103  8:51  Factory  
  103  8:52  Marauder  
  103  8:55  Marauder  
  107  8:56  Marauder  
  107  8:58  SCV  
  107  9:00  SCV  
  107  9:02  Refinery  
  111  9:04  SCV  
  111  9:07  Marine x2  
  111  9:08  Bunker, Marine  
  114  9:10  SCV, Marine  
  114  9:13  Siege Tank  
  114  9:16  Marauder  
  121  9:18  Barracks Tech Lab x2  
  121  9:20  SCV x2  
  123  9:29  Marine  
  123  9:30  Marine  
  123  9:31  Marine  
  116  9:34  Marauder, Marine  
  116  9:35  Marine  
  116  9:37  Marauder x3  
  113  9:48  Marine  
  113  9:51  Siege Tank, Marine x2  
  107  9:53  Marauder  
  107  9:55  Factory Tech Lab  
  107  9:57  Barracks x2  
  109  10:00  Marine x2  
  109  10:02  Command Center  
  109  10:03  Marauder x3  
  109  10:05  Terran Infantry Weapons Level 2  
  111  10:12  Engineering Bay  
  111  10:13  Marine x3  
  114  10:17  Siege Tank  
  114  10:19  Medivac  
  119  10:21  Medivac  
  119  10:23  Siege Tank  
  124  10:31  Supply Depot, Marauder  
  124  10:32  Supply Depot  
  126  10:35  Marine  
  126  10:36  Marauder, Marine  
  126  10:41  Marine  
  131  10:44  Marine  
  131  10:47  Marine  
  131  10:48  Marine  
  131  10:49  Marine  
  123  10:52  Marine  
  123  10:53  Marine  
  123  10:54  Medivac x2  
  123  10:57  Marine x2  
  125  11:04  Marine  
  125  11:05  Marauder  
  125  11:08  Marauder  
  125  11:09  Marauder  
  120  11:12  Marauder, Marine  
  120  11:13  Command Center  
  120  11:17  Marine  
  122  11:22  Marauder, Marine  
  122  11:25  Marine  
  126  11:26  Marauder  
  127  11:33  Marauder, Marine x2  
  127  11:37  Terran Infantry Armor Level 2  
  127  11:39  Marine x2  
  132  11:40  Marine  
  132  11:43  Supply Depot x2  
  132  11:45  Supply Depot  
  132  11:46  Marine  
  130  11:50  Marine  
  130  11:51  Marauder  
  131  12:01  Marauder, Marine  
  131  12:02  Marine x2  
  131  12:03  Siege Tank, Marauder  
  136  12:11  Marine x3  
  136  12:12  Siege Tank, Marauder  
  144  12:17  Refinery  
  144  12:20  Marine x3  
  144  12:22  Marine  
  147  12:26  Medivac x2  
  147  12:29  Marine x3  
  155  12:31  Marauder  
  155  12:35  Siege Tank  
  159  12:42  Marine x4  
  159  12:43  Marauder  
  165  12:48  Marine  
  166  12:52  Marauder x2  
  166  12:53  Marauder  
  172  13:02  Siege Tank  
  175  13:11  Marine x2  
  175  13:12  Marauder  
  181  13:13  Marauder  
  181  13:26  Marauder x3  
  187  13:28  Siege Tank  
  190  13:36  Missile Turret  
  190  13:37  Missile Turret  
Show
View Real Time Build Order
Export as new Build Order

Fullmetal Terran 

Build Orders: Reaper Expand, Hellion Banshee, Mech 

Get SALT Encoding   

  12  0:01  SCV  
  13  0:13  SCV  
  14  0:18  Supply Depot  
  14  0:25  SCV  
  15  0:40  SCV  
  15  0:41  Barracks  
  16  0:45  Refinery  
  16  0:52  SCV  
  17  1:04  SCV  
  18  1:16  SCV  
  19  1:28  Reaper  
  19  1:29  Orbital Command  
  20  1:47  Command Center  
  20  1:56  SCV  
  21  2:05  Supply Depot  
  21  2:09  Barracks Reactor  
  21  2:12  SCV  
  22  2:21  Refinery  
  22  2:24  Factory  
  22  2:26  SCV  
  23  2:39  SCV  
  24  2:46  Marine x2  
  25  2:54  SCV  
  26  3:10  Starport  
  26  3:11  SCV  
  28  3:13  Orbital Command  
  28  3:15  Hellion x2  
  28  3:16  Barracks Tech Lab  
  31  3:30  SCV  
  32  3:41  SCV  
  33  3:42  SCV  
  33  3:43  Hellion x2  
  38  3:49  Supply Depot  
  38  3:53  SCV  
  38  3:55  Cloaking Field  
  39  3:56  Banshee  
  39  4:01  SCV  
  43  4:06  Engineering Bay  
  43  4:09  Hellion  
  43  4:10  Hellion  
  43  4:12  SCV  
  46  4:17  Supply Depot  
  46  4:22  SCV  
  47  4:28  SCV  
  48  4:34  SCV  
  48  4:35  Missile Turret x2  
  49  4:40  SCV  
  49  4:45  Viking  
  52  4:53  Barracks Tech Lab  
  52  4:58  Missile Turret  
  48  5:01  Hellion x2  
  51  5:08  SCV  
  51  5:09  Factory  
  49  5:18  SCV  
  46  5:32  Starport Reactor  
  46  5:33  SCV x2, Factory  
  46  5:41  Hellion x2  
  48  5:47  SCV  
  48  5:48  Armory  
  49  5:56  SCV  
  50  5:59  SCV  
  51  6:08  Hellion x2  
  51  6:09  SCV  
  53  6:14  Siege Tank  
  53  6:17  Siege Tank  
  59  6:21  Supply Depot, SCV  
  59  6:22  SCV  
  61  6:31  Viking  
  62  6:38  Supply Depot  
  62  6:41  Terran Vehicle Weapons Level 1  
  62  6:43  SCV, Hellion x2  
  67  6:47  SCV  
  68  6:57  Supply Depot  
  68  7:00  SCV x2  
  73  7:01  Supply Depot  
  73  7:07  Hellion  
  72  7:11  Command Center  
  72  7:13  Siege Tank  
  75  7:17  Siege Tank  
  75  7:21  SCV  
  57  7:33  Hellion x2  
  57  7:36  Viking  
  60  7:38  Refinery  
  60  7:39  Refinery  
  60  7:40  Viking  
  60  7:41  SCV  
  61  7:52  SCV  
  62  7:59  Hellion x2  
  62  8:05  SCV x2  
  68  8:06  Siege Tank  
  68  8:09  Supply Depot  
  71  8:17  SCV  
  73  8:20  SCV  
  75  8:27  Hellion x2  
  75  8:29  SCV  
  75  8:32  SCV, Factory, Siege Tank  
  82  8:41  SCV  
  82  8:45  SCV  
  82  8:46  Terran Vehicle Weapons Level 2  
  80  8:50  Hellion x2  
  84  8:56  Command Center  
  84  9:03  Sensor Tower  
  84  9:05  Siege Tank  
  84  9:08  Hellion  
  89  9:11  Hellion  
  91  9:20  Factory Tech Lab  
  91  9:30  Siege Tank  
  88  9:36  Hellion, Refinery  
  88  9:37  Siege Tank  
  79  9:39  Refinery  
  63  9:46  Siege Tank  
  63  9:47  Hellion  
  63  9:51  SCV x2  
  63  10:01  Orbital Command  
  63  10:03  SCV x2  
  64  10:08  Siege Tank  
  64  10:12  Refinery  
  67  10:15  SCV x2, Siege Tank  
  67  10:18  Hellion  
  74  10:24  Siege Tank  
  74  10:27  SCV  
  78  10:35  SCV x2  
  80  10:41  Siege Tank  
  81  10:47  Siege Tank  
  74  10:50  Hellion x2  
  74  10:55  SCV x2  
  74  10:56  Siege Tank  
  61  11:18  Siege Tank  
  64  11:19  Hellion, Siege Tank  
  64  11:21  Hellion  
  68  11:33  Viking  
  68  11:39  Orbital Command  
  58  11:43  SCV x2  
  54  11:48  Hellion  
  53  12:00  Siege Tank  
  56  12:04  SCV  
  47  12:10  SCV  
  47  12:15  SCV  
  47  12:21  Hellion  
  49  12:25  Hellion  
  51  12:36  SCV  
  53  12:37  SCV  
  53  12:39  Siege Tank  
  56  12:46  Siege Tank  
  56  12:47  SCV  
  60  12:54  SCV, Siege Tank  
  60  12:57  SCV  
  65  12:59  SCV  
  65  13:02  Hellion  
  68  13:08  SCV  
  68  13:11  Siege Tank  
  72  13:16  SCV x2, Hellion  
  76  13:20  Viking  
  76  13:23  SCV  
  76  13:25  Viking  
  81  13:32  SCV x2  
  86  13:42  SCV  
Tags
 
Add a new tag
Caveats
  • Supply blocks, unpowered buildings, or Contaminate may cause inaccurate times.
  • Supply counts are checked every 10 seconds.